 Dungeon Crawl Stone Soup version 0.22-a0-482-g76e0a5f (webtiles) character file.

64 epen the Chopper (level 3, -1/33 HPs)
             Began as a Minotaur Monk on June 17, 2018.
             Slain by Robin
             ... wielding a +0 trident
              (9 damage)
             ... on level 2 of the Dungeon.
             The game lasted 00:01:09 (1070 turns).

epen the Chopper (Minotaur Monk)                    Turns: 1070, Time: 00:01:10

Health: -1/33      AC:  5    Str: 16    XL:     3   Next: 91%
Magic:  2/2        EV: 12    Int:  7    God:
Gold:   67         SH:  0    Dex: 12    Spells: 2/2 levels left

rFire    . . .     SeeInvis .   a - +0 hand axe
rCold    . . .     Gourm    .   (no shield)
rNeg     . . .     Faith    .   d - +0 ring mail
rPois    .         Spirit   .   (helmet restricted)
rElec    .         Reflect  .   (no cloak)
rCorr    .         Harm     .   (no gloves)
MR       .....                  (no boots)
Stlth    +.........             (no amulet)
HPRegen  0.11/turn              (no ring)
MPRegen  0.08/turn              (no ring)

@: no status effects
A: retaliatory headbutt, horns 2
a: no special abilities


You were on level 2 of the Dungeon.
You were hungry.

You visited 1 branch of the dungeon, and saw 2 of its levels.

You collected 67 gold pieces.

Inventory:

Hand Weapons
 a - a +0 hand axe (weapon)
Armour
 b - a +0 robe
 d - a +0 ring mail (worn)
Wands
 j - a wand of iceblast (7)
Scrolls
 e - 2 scrolls of teleportation {unknown}
 f - 2 scrolls of identify {unknown}
 h - a scroll of enchant armour {unknown}
 i - a scroll of fear {unknown}
 l - a scroll of enchant weapon {unknown}
Potions
 g - 2 potions of brilliance {unknown}
Comestibles
 c - 3 rations
 k - 2 chunks of flesh


   Skills:
 + Level 4.1 Fighting
 * Level 4.6 Axes
 + Level 1.7 Armour
 + Level 3.7 Dodging
 - Level 1.5 Stealth


You had 2 spell levels left.
You didn't know any spells.
Your spell library was empty.

Dungeon Overview and Level Annotations

Branches:
Dungeon (2/15)

Altars:

Annotations:
D:2 Robin


Innate Abilities, Weirdness & Mutations

You reflexively headbutt those who attack you in melee.
You have a pair of horns on your head.


Message History

The goblin is severely wounded.
You barely miss the hobgoblin. Robin barely misses you.
The goblin hits you but does no damage. The hobgoblin barely misses you.
You furiously retaliate!
You headbutt the hobgoblin!
You kill the hobgoblin!
You hit the goblin.
You kill the goblin!
Robin hits you from afar with a trident.
Robin hits you with a trident.
Items here: ))))) † You are too injured to fight recklessly!
You barely miss Robin. Robin hits you with a trident!
* * * LOW HITPOINT WARNING * * *
You hit Robin.
Robin is lightly wounded.
Robin hits you but does no damage.
You hit Robin.
Robin is moderately wounded.
Robin hits you with a trident!
You die...

...g. # #†# #. ....g. #.
#.# ....gg##### #. #.#
>....g.gg.######.###)####.
...g.g..g.................
.#.######..#####.....####.
##.#######.###
#g........÷# #@.........#
#.†........# #)†........#
#..........###.#
#..............#
#..............#
#....#...#.....#
#....#...#.....#
#....#...#.....#


You could see Robin.

Vanquished Creatures
  2 adders (D:2)
  3 worms (D:2)
  A dart slug (D:1)
  2 giant cockroaches (D:1)
  9 goblins
  5 hobgoblins
  3 jackals (D:1)
  A kobold (D:1)
  2 bats
  2 frilled lizards
  2 rats
32 creatures vanquished.

Notes
Turn   | Place    | Note
-------+----------+-------------------------------------------
     0 | D:1      | epen the Minotaur Monk began the quest for the Orb.
     0 | D:1      | Reached XP level 1. HP: 19/19 MP: 0/0
   238 | D:1      | Reached XP level 2. HP: 23/27 MP: 1/1
   741 | D:2      | Reached skill level 1 in Armour
   837 | D:2      | Reached XP level 3. HP: 28/33 MP: 2/2
  1043 | D:2      | Noticed Robin
  1070 | D:2      | Slain by Robin

Vault maps used:
D:1:      eino_arrival_cavern_d
D:2:      lemuel_blue_sif_altar, lemuel_round_altar, uniq_robin

Skill      XL: |  1  2  3 |
---------------+----------+-----
Axes           | 4 |  4.6
Armour         | 1 |  1.7
Fighting       | 4 |  4.1
Dodging        | |  3.7
Stealth        | |  1.5

Action                   || total
-------------------------++-------
Melee: Hand axe          ||    69
       Headbutt          ||    15
Armor: Ring mail         ||    24
Dodge: Dodged            ||    60

Table legend:
 A = Spawn XP
 B = Non-spawn XP
 C = Spawn XP percentage of total XP
 D = Spawn monster count
 E = Non-spawn monster count
 F = Spawn count percentage of total count
 G = Total turns spent on level
                    A         B        C        D         E        F      G
               +---------+---------+-------+---------+---------+-------+---------
         Total |       0 |      92 |   0.0 |       0 |      32 |   0.0 |  1070
               +---------+---------+-------+---------+---------+-------+---------
           D:1 |       0 |      23 |   0.0 |       0 |      12 |   0.0 |   708
           D:2 |       0 |      69 |   0.0 |       0 |      20 |   0.0 |   362
               +---------+---------+-------+---------+---------+-------+---------
